 Dungeon Crawl Stone Soup version 0.25.1-2-g60ff931df9 (webtiles) character file.

Game seed: 3286901171532716409

7767 Johnny the Geomancer (level 10, -4/69 HPs)
             Began as a Demigod Earth Elementalist on Oct 8, 2020.
             Slain by a sky beast (6 damage)
             ... on level 10 of the Dungeon.
             The game lasted 00:11:54 (13490 turns).

Johnny the Geomancer (Demigod Earth Elementalist)  Turns: 13490, Time: 00:11:55

Health: -4/69      AC:  5    Str: 11    XL:     10   Next: 69%
Magic:  16/35      EV: 13    Int: 25    God:
Gold:   492        SH:  0    Dex: 21    Spells: 11/26 levels left

rFire    . . .     SeeInvis .   b - +1 dagger (venom)
rCold    . . .     Gourm    .   (no shield)
rNeg     . . .     Faith    .   c - +0 robe
rPois    .         Spirit   .   G - +2 hat
rElec    .         Reflect  .   A - +0 cloak
rCorr    .         Harm     .   (no gloves)
MR       ++...                  (no boots)
Stlth    ++........             (no amulet)
HPRegen  0.21/turn              o - ring of Egalitarianism {MR+ Dex+5}
MPRegen  0.24/turn              v - ring of magical power

@: no status effects
A: high mp 1
a: no special abilities


You were on level 10 of the Dungeon.
You were near starving.

You visited 1 branch of the dungeon, and saw 10 of its levels.

You collected 492 gold pieces.

Inventory:

Hand Weapons
 b - a +1 dagger of venom (weapon)
Missiles
 s - 98 stones (quivered)
Armour
 c - a +0 robe (worn)
 A - a +0 cloak (worn)
 G - a +2 hat (worn)
Magical Staves
 f - an uncursed staff of conjuration
 D - an uncursed staff of wizardry {unknown}
 F - an uncursed staff of air {unknown}
Jewellery
 o - the ring of Egalitarianism (left hand) {MR+ Dex+5}
   (You acquired it on level 6 of the Dungeon)

   [ring of protection from magic]

   It affects your dexterity (+5).
   It affects your resistance to hostile enchantments.
 v - a ring of magical power (right hand)
Wands
 x - a wand of flame (45)
 y - a wand of polymorph (7)
 B - a wand of enslavement (7)
 E - a wand of clouds (13)
Scrolls
 a - 5 scrolls of magic mapping
 e - 3 scrolls of blinking
 g - 7 scrolls of remove curse
 m - a scroll of immolation
 r - 2 scrolls of amnesia {unknown}
 w - 3 scrolls of fear
 H - a scroll of noise {unknown}
Potions
 h - 2 potions of magic
 i - 5 potions of flight
 j - 2 potions of heal wounds {unknown}
 k - a potion of lignification
 l - a potion of stabbing {unknown}
 n - a potion of haste {unknown}
 p - 3 potions of brilliance
 q - a potion of might {unknown}
 t - 4 potions of curing
 u - a potion of cancellation {unknown}
 z - a potion of mutation {unknown}
 C - a potion of berserk rage {unknown}
Comestibles
 d - 11 rations


   Skills:
 - Level 1.7 Dodging
 - Level 1.7 Stealth
 + Level 8.5 Spellcasting
 - Level 0.8 Transmutations
 * Level 12.7 Earth Magic


You had 11 spell levels left.
You knew the following spells:

 Your Spells              Type           Power        Failure   Level  Hunger
a - Sandblast             Erth           ######       1%          1    None
b - Stone Arrow           Conj/Erth      #####.       1%          3    None
c - Lee's Rapid Deconstr  Erth           ######....   1%          5    ####...
d - Petrify               Tmut/Erth      #####...     3%          4    ##.....
e - Passwall              Tmut/Erth      #####...     1%          2    None

Your spell library contained the following spells:

 Spells                   Type           Power        Failure   Level  Hunger
 Animate Skeleton         Necr           N/A          6%          1    None
 Corona                   Hex            ##.....      6%          1    None
 Pain                     Necr           ##..         6%          1    None
 Ensorcelled Hibernation  Hex/Ice        ##....       9%          2    None
 Confusing Touch          Hex            ##......     17%         3    None
 Dazzling Flash           Conj/Hex       ##....       17%         3    None
 Gell's Gravitas          Tloc           ##........   17%         3    None
 Tukima's Dance           Hex            ##......     17%         3    None
 Vampiric Draining        Necr           ##........   17%         3    None
 Animate Dead             Necr           N/A          50%         4    ##.....
 Yara's Violent Unravell  Hex/Tmut       ##........   80%         5    ####...
 Agony                    Necr           ##......     85%         5    ####...
 Metabolic Englaciation   Hex/Ice        ##........   85%         5    ####...


Dungeon Overview and Level Annotations

Branches:
Dungeon (10/15)            Temple (0/1) D:4            Lair (0/6) D:8
    Orc: D:9-12

Shops:
D:9 %

Annotations:
D:9 2 transporters, Xye's ghost, novice DECj


Innate Abilities, Weirdness & Mutations

You have an increased reservoir of magic. (+10% MP)


Message History

Something hits you but does no damage.
You hit the jackal.
The jackal is poisoned.
The jackal is severely wounded.
The jackal barely misses you.
A worker ant comes into view.
The jackal barely misses you. Something hits you but does no damage.
The worker ant twitches its antennae in your direction.
You hit the jackal but do no damage.
The jackal looks as sick as possible!
The jackal is almost dead.
You kill the jackal!
A sky beast appears from thin air!
Reactivating autopickup.
The sky beast hits you. The sky beast shocks you.
The two-headed ogre hits you with a +0 giant club!!
The two-headed ogre hits you with a +0 giant spiked club!
* * * LOW HITPOINT WARNING * * *
The sky beast hits you.
* * * LOW HITPOINT WARNING * * *
The sky beast shocks you.
You die...

.. #.... .. ...
..... .# ...#
#...#..
.......<.#. #
...#.... ..
...#§# #.###
.#.#.#.#Y#......
.......@<§......
.#.#.#.#O†#..)..
#.#a.# ...
....... .
......###
....#(.#
..##..... ...
#.....


You could see a two-headed ogre, a sky beast and a worker ant.

Vanquished Creatures
  A two-headed ogre (D:8)
  Pikel (D:4)
  Prince Ribbit (D:6)
  Grinder (D:6)
  2 hippogriffs (D:8)
  6 yaks
  Eustachio (D:5)
  2 basilisks (D:8)
  A hungry ghost (D:7)
  Menkaure (D:6)
  Duvessa (D:4)
  A water moccasin (D:9)
  4 orc warriors
  3 ice beasts
  A phantom (D:7)
  2 sky beasts (D:8)
  3 ogres
  A necrophage (D:6)
  4 centaurs
  Blork the orc (D:6)
  6 bullfrogs
  Dowan (D:4)
  3 scorpions
  6 killer bees (D:8)
  6 wights (D:6)
  3 howler monkeys
  4 crimson imps
  A centaur zombie (D:7)
  2 quasits
  4 hounds
  3 orc priests
  2 centaur skeletons
  3 jellies
  7 orc wizards
  Crazy Yiuf (D:7)
  2 bullfrog skeletons
  3 iguanas
  Jessica (D:2)
  3 worker ants
  2 hound zombies
  4 hound skeletons
  10 adders
  3 oozes (D:3)
  An adder skeleton (D:4)
  An adder zombie (D:8)
  3 worms
  5 dart slugs
  31 orcs
  5 giant cockroaches
  5 goblins
  6 hobgoblins
  4 jackals
  6 quokkas
  A ball python (D:1)
  6 bats
  3 frilled lizards
  A jackal zombie (D:8)
  6 kobolds (D:1)
  2 quokka zombies
  5 rats
209 creatures vanquished.

Vanquished Creatures (others)
  A slave (D:4)
  A leopard gecko skeleton (D:4)
2 creatures vanquished.

Grand Total: 211 creatures vanquished

Notes
Turn   | Place    | Note
-------+----------+-------------------------------------------
     0 | D:1      | Johnny the Demigod Earth Elementalist began the quest for
                  | the Orb.
     0 | D:1      | Reached XP level 1. HP: 14/14 MP: 5/5
   365 | D:1      | Reached skill level 3 in Earth Magic
   656 | D:1      | Reached XP level 2. HP: 10/20 MP: 0/7
  1639 | D:2      | Noticed Jessica
  1644 | D:2      | Killed Jessica
  1644 | D:2      | Reached XP level 3. HP: 26/26 MP: 7/9
  1778 | D:2      | Reached skill level 4 in Earth Magic
  1778 | D:2      | Reached XP level 4. HP: 23/33 MP: 2/10
  2834 | D:3      | Found a hide-covered altar of Uskayaw.
  2834 | D:3      | Found a bloodstained altar of Trog.
  2857 | D:3      | Found a snail-covered altar of Cheibriados.
  2859 | D:3      | Found a stormy altar of Qazlal.
  2860 | D:3      | Found a sacrificial altar of Ru.
  3226 | D:3      | Reached XP level 5. HP: 35/38 MP: 10/12
  3725 | D:4      | Reached skill level 5 in Earth Magic
  3730 | D:4      | Learned a level 3 spell: Stone Arrow
  3988 | D:4      | Noticed Duvessa
  3989 | D:4      | Noticed Dowan
  4014 | D:4      | Killed Duvessa
  4014 | D:4      | Reached XP level 6. HP: 18/45 MP: 1/14
  4017 | D:4      | Killed Dowan
  4033 | D:4      | Reached skill level 6 in Earth Magic
  4277 | D:4      | Noticed Pikel
  4294 | D:4      | Killed Pikel
  4294 | D:4      | Reached skill level 7 in Earth Magic
  4294 | D:4      | Reached XP level 7. HP: 19/50 MP: 9/17
  4895 | D:4      | Found a staircase to the Ecumenical Temple.
  5284 | D:4      | Found a glowing silver altar of Zin.
  5385 | D:4      | Learned a level 2 spell: Passwall
  5431 | D:5      | Entered Level 5 of the Dungeon
  5732 | D:5      | Reached skill level 5 in Spellcasting
  5872 | D:5      | Reached XP level 8. HP: 57/57 MP: 10/19
  6142 | D:5      | Reached skill level 8 in Earth Magic
  6244 | D:5      | Noticed Eustachio
  6250 | D:5      | Killed Eustachio
  6636 | D:5      | Learned a level 5 spell: Lee's Rapid Deconstruction
  6641 | D:5      | Learned a level 4 spell: Petrify
  7234 | D:6      | Reached skill level 9 in Earth Magic
  7342 | D:6      | Noticed Grinder
  7345 | D:6      | Killed Grinder
  7524 | D:6      | Noticed Menkaure
  7536 | D:6      | Killed Menkaure
  7627 | D:6      | Noticed Prince Ribbit
  7634 | D:6      | Reached XP level 9. HP: 50/62 MP: 19/22
  7641 | D:6      | Killed Prince Ribbit
  7673 | D:6      | Noticed Blork the orc
  7707 | D:6      | Killed Blork the orc
  7707 | D:6      | Reached skill level 10 in Earth Magic
  8381 | D:6      | Identified a scroll of acquirement
  8389 | D:6      | Acquired the ring of Egalitarianism {MR+ Dex+5}
  9183 | D:7      | Found a shattered altar of Ashenzari.
  9728 | D:7      | Found a runed translucent door.
  9729 | D:7      | Noticed Crazy Yiuf
  9867 | D:7      | Found a hazy altar of Hepliaklqana.
  9867 | D:7      | Found a white marble altar of Elyvilon.
  9928 | D:7      | Reached skill level 11 in Earth Magic
 10040 | D:7      | Killed Crazy Yiuf
 10731 | D:8      | Noticed a two-headed ogre
 10744 | D:8      | Killed a two-headed ogre
 10744 | D:8      | Reached XP level 10. HP: 69/69 MP: 12/25
 10877 | D:8      | Found a staircase to the Lair.
 11796 | D:8      | Reached skill level 12 in Earth Magic
 11905 | D:8      | Found a radiant altar of Vehumet.
 12518 | D:9      | Found a transporter.
 12522 | D:9      | Noticed Xye's ghost (novice DECj)
 12522 | D:9      | Noticed a moth of wrath
 12550 | D:9      | Found a transporter.
 12917 | D:9      | Found Qiaqu's Food Boutique.
 13024 | D:9      | Found a glowing golden altar of the Shining One.
 13480 | D:10     | Entered Level 10 of the Dungeon
 13487 | D:10     | Noticed a two-headed ogre
 13490 | D:10     | HP: 2/69 [sky beast (2)]
 13490 | D:10     | Slain by a sky beast

Illustrated notes

Levels and vault maps discovered:
D:1:      eino_arrival_cavern_e, layout_loops_ring
D:2:      layout_loops_ring, kennysheep_generic_room_8, uniq_jessica
D:3:      layout_basic, chequers_temple_overflow_minitemple, first_ration,
          minmay_misc_feat_five, minmay_misc_feat_doors
D:4:      layout_basic, zin_scriptorium, minmay_temple_entry_poolview,
          uniq_duvessa, uniq_pikel
D:5:      layout_loops_ring, uniq_eustachio
D:6:      layout_loops_ring, uniq_blork_the_orc, uniq_grinder, uniq_menkaure,
          uniq_prince_ribbit1
D:7:      layout_rooms, gammafunk_temple_overflow_wave, basic_altar,
          grunt_ogre_cave, minivault_4, uniq_crazy_yiuf_cottage
D:8:      layout_gridville, nicolae_overflow_hidden_temple, david_lair_generic
D:9:      layout_gridville, tso_oasis_becter, gammafunk_ghost_berserking_beasts,
          serial_shops, shop
D:10:     layout_basic

Skill      XL: |  1  2  3  4  5  6  7  8  9 10 |
---------------+-------------------------------+-----
Spellcasting   | 2 3 4 5 6 7 8 |  8.5
Earth Magic    | 3 4 5 7 9 11 12 | 12.7
Dodging        | |  1.7
Stealth        | |  1.7
Transmutations | |  0.8

Action                   |  1- 3 |  4- 6 |  7- 9 | 10-12 || total
-------------------------+-------+-------+-------+-------++-------
Melee: Unarmed           |    92 |    30 |       |       ||   122
       Trident           |       |    55 |       |       ||    55
       Dagger            |       |     5 |   235 |    77 ||   317
 Cast: Sandblast         |    36 |    39 |    37 |    21 ||   133
       Stone Arrow       |       |     5 |    60 |    38 ||   103
       Lee's Rapid Decon |       |       |    27 |     8 ||    35
       Petrify           |       |       |     3 |       ||     3
  Use: Scroll            |       |     5 |     5 |     1 ||    11
       Potion            |       |     2 |     2 |       ||     4
 Stab: Sleeping          |     2 |     3 |     3 |     1 ||     9
       Distracted        |       |       |     1 |     1 ||     2
  Eat: Chunk             |     2 |     7 |    16 |     5 ||    30
       Ration            |       |     1 |     3 |     1 ||     5
Armor: Robe              |    25 |    12 |    25 |    21 ||    83
       Skin              |       |    26 |     6 |       ||    32
Dodge: Dodged            |    72 |    64 |   170 |    64 ||   370
